 Dungeon Crawl Stone Soup version 0.29.1-13-g9f3cf754e1 (webtiles) character file.

Game seed: 4993016151678910086

5 Descartes the Ducker (level 1, 0/10 HPs)
             Began as a Felid Monk on Jan 29, 2023.
             Slain by a jackal (3 damage)
             ... on level 1 of the Dungeon.
             The game lasted 00:00:35 (317 turns).

Descartes the Ducker (Felid Monk)                    Turns: 317, Time: 00:00:35

Health: 0/10       AC:  1    Str:  7    XL:     1   Next: 66%
Magic:  2/2        EV: 19    Int: 11    God:
Gold:   12         SH:  0    Dex: 18    Spells: 0/0 levels left
                                        Lives:  0   Deaths: 0

rFire   . . .      SeeInvis +     - Unarmed
rCold   . . .      Faith    .   (shield unavailable)
rNeg    . . .      Spirit   .   (body armour unavailable)
rPois   .          Reflect  .   (helmet unavailable)
rElec   .          Harm     .   (cloak unavailable)
rCorr   .          Rampage  .   (gloves unavailable)
Will    .....                   (boots unavailable)
Stlth   ++........              (no amulet)
HPRegen 0.03/turn               (no ring)
MPRegen 0.08/turn               (no ring)

@: quick
A: very small, claws 1, fangs 3, see invisible, speed 1, shaggy fur 1, stealthy
paws, no weapons or thrown items, no armour, multi-lived
a: no special abilities


You were on level 1 of the Dungeon.
You visited 1 branch of the dungeon, and saw 1 of its levels.

You collected 12 gold pieces.

Inventory:

Scrolls
 c - a scroll of teleportation {unknown}
 d - a scroll of summoning {unknown}
Potions
 a - a potion of ambrosia
 b - a potion of mutation {unknown}


   Skills:
 + Level 3.0 Fighting
 + Level 4.1 Dodging
 + Level 2.9 Stealth
 + Level 3.0 Unarmed Combat
 + Level 0.3 Evocations


You couldn't memorise any spells.
You didn't know any spells.
Your spell library was empty.

Dungeon Overview and Level Annotations

Branches:
Dungeon (1/15)

Altars:


Innate Abilities, Weirdness & Mutations

You have sharp claws.
You have razor-sharp teeth.
You have supernaturally acute eyesight. (SInv)
You cover ground quickly. (Speed+)
You are covered in fur. (AC +1)
Your paws help you pounce on unaware monsters.
You are incapable of wielding weapons or throwing items.
You cannot wear armour.
You gain extra lives every three experience levels.


Message History

A jackal comes into view.
Found a pink potion.
You pounce on the unaware helpless jackal!
You mangle the jackal!!
You kill the jackal!
You see here a jackal corpse.
You closely miss the jackal. The jackal closely misses you.
You closely miss the jackal. Your bite misses the jackal.
The jackal completely misses you. The jackal barely misses you. x2
You scratch the jackal.
You kill the jackal!
The jackal bites you.
You barely miss the jackal. The jackal misses you. The jackal bites you.
You scratch the jackal. Your claw misses the jackal.
The jackal is lightly wounded.
The jackal misses you.
You completely miss the jackal.
The jackal is lightly wounded.
The jackal bites you.
You are too injured to fight recklessly!
You are too injured to fight recklessly!
You are too injured to fight recklessly!
You are too injured to fight recklessly!
You are too injured to fight recklessly!
You are too injured to fight recklessly!
You are too injured to fight recklessly!
You are too injured to fight recklessly!
You are too injured to fight recklessly!
You are too injured to fight recklessly!
You are too injured to fight recklessly!
You are too injured to fight recklessly!
You are too injured to fight recklessly!
A jackal is nearby!
You barely miss the jackal.
The jackal is lightly wounded.
The jackal bites you.
* * * LOW HITPOINT WARNING * * *
The jackal barely misses you. The jackal bites you.
You die...

.⌠.........⌠........##.###.#####.
.....................#.......)...
......<..........⌠...#.###.######
.....................# #.#
.⌠.........⌠........## #.#
...............⌠...## .# #.#
......⌠..........####!.# #.#
.............#####.....# #.#
##############..@†.###. #.#
.....?.....?h.....# #.#
###.#...########## #.# # #.###
#.# #.#.#.#.########### #.#
#.................# #.#
....#.#.#########.# #.# .. #.#..
..##.# #.# . ..## #.##.# #.#


You could see a jackal.

Vanquished Creatures
  A ball python (D:1)
  A goblin (D:1)
  2 jackals (D:1)
4 creatures vanquished.

Notes
Turn   | Place    | Note
-------+----------+-------------------------------------------
     0 | D:1      | Descartes the Felid Monk began the quest for the Orb.
     0 | D:1      | Reached XP level 1. HP: 10/10 MP: 2/2
   317 | D:1      | Slain by a jackal

Illustrated notes

Levels and vault maps discovered:
D:1:      dpeg_arrival_water_temple_mockup, layout_basic, grunt_decor_junction

Action                   || total
-------------------------++-------
Melee: Unarmed           ||    12
 Stab: Sleeping          ||     2
Dodge: Dodged            ||    11
